 Dungeon Crawl Stone Soup version 0.23.1-38-g628c18f423 (webtiles) character file.

Game seed: 14119302941289389044

189 Gargoyl the Skirmisher (level 5, 0/46 HPs)
             Began as a Centaur Abyssal Knight on Mar 28, 2019.
             Was a Believer of Lugonu.
             Slain by an orc
             ... wielding a +0 club
              (3 damage)
             ... on level 4 of the Dungeon on Mar 29, 2019.
             The game lasted 00:05:46 (3095 turns).

Gargoyl the Skirmisher (Centaur Abyssal Knight)     Turns: 3095, Time: 00:05:47

Health: 0/46       AC:  5    Str: 15    XL:     5   Next: 40%
Magic:  7/7        EV:  9    Int: 16    God:    Lugonu [**....]
Gold:   139        SH:  0    Dex:  9    Spells: 4/4 levels left

rFire    . . .     SeeInvis .   e - +0 long sword (drain)
rCold    . . .     Gourm    .   (no shield)
rNeg     . . .     Faith    .   b - +0 leather armour
rPois    .         Spirit   .   i - +0 helmet
rElec    .         Reflect  .   (no cloak)
rCorr    .         Harm     .   (no gloves)
MR       .....                  (no barding)
Stlth    ..........             (no amulet)
HPRegen  0.15/turn              (no ring)
MPRegen  0.10/turn              (no ring)

@: brilliant, very quick
A: large, hooves 3, deformed body, speed 2, tough skin 3
a: Depart the Abyss, Bend Space, Renounce Religion


You were on level 4 of the Dungeon.
You worshipped Lugonu.
Lugonu was pleased with you.
You were hungry.

You visited 1 branch of the dungeon, and saw 4 of its levels.
You visited the Abyss 1 time.

You collected 139 gold pieces.

Inventory:

Hand Weapons
 a - a +2 hand axe
 e - a +0 long sword of draining (weapon)
Missiles
 f - 7 javelins (quivered)
Armour
 b - a +0 leather armour (worn)
 i - a +0 helmet (worn)
Scrolls
 j - a scroll of remove curse {unknown}
Potions
 g - a potion of haste {unknown}
 h - a potion of mutation {unknown}
Comestibles
 c - 7 rations


   Skills:
 + Level 3.8 Fighting
 + Level 2.8 Axes
 * Level 2.2 Armour
 * Level 1.8 Dodging
 * Level 3.0 Invocations


You had 4 spell levels left.
You didn't know any spells.
Your spell library was empty.

Dungeon Overview and Level Annotations

Branches:
Dungeon (4/15)
 Temple: D:4-7

Altars:
Elyvilon
Okawaru


Innate Abilities, Weirdness & Mutations

You have hooves in place of feet.
Armour fits poorly on your strangely shaped body.
You cover ground very quickly.
You have extremely tough skin. (AC +3)


Message History

The orc priest hits you with a +2 short sword of electrocution.
You are electrocuted!
* * * LOW HITPOINT WARNING * * *
The orc hits you but does no damage.
The orc wizard hits you but does no damage.
The howler monkey hoots and howls with incredible vigour!
You hit the orc priest. You drain the orc priest.
Your kick misses the orc priest.
The orc priest is almost dead.
The orc priest hits you with a +2 short sword of electrocution.
* * * LOW HITPOINT WARNING * * *
The orc wizard hits you but does no damage.
The howler monkey closely misses you. The orc hits you but does no damage.
The orc priest barely misses you.
It was a potion of brilliance.
You feel clever all of a sudden. The howler monkey barely misses you.
The orc wizard barely misses you.
You riposte.
You completely miss the orc wizard. Your kick misses the orc wizard.
The orc hits you with a +0 club.
You die...

...##........##.##
#...............
#.#.........##.# #
#..........%##.######..
##.....................#
........................
.......................#
...........###..oo.....#
#######.........@o......
#....##..!.h...(.. #
###.................
#####...................
...##...##..............
....................###.
.......###..........#
..#....# #...........
#.>....... .....


You could see a howler monkey, an orc priest, an orc wizard and an orc.

Vanquished Creatures
  Jessica (D:3)
  A hound skeleton (D:4)
  Robin (D:2)
  3 gnolls
  2 adders
  3 worms
  2 dart slugs
  A leopard gecko (D:1)
  An orc (D:3)
  2 ball pythons (D:3)
  7 giant cockroaches
  16 goblins
  7 hobgoblins
  7 jackals (D:3)
  9 kobolds
  A quokka (D:3)
  3 bats
  2 frilled lizards
  6 rats (D:3)
75 creatures vanquished.

Notes
Turn   | Place    | Note
-------+----------+-------------------------------------------
     0 | Abyss:1  | Gargoyl the Centaur Abyssal Knight began the quest for the
                  | Orb.
     0 | Abyss:1  | Reached XP level 1. HP: 19/19 MP: 2/2
    80 | Abyss:1  | Noticed a smoke demon
    91 | Abyss:1  | Noticed an ettin skeleton
    94 | D:1      | Escaped the Abyss
   384 | D:1      | Reached XP level 2. HP: 26/26 MP: 3/3
   614 | D:1      | Reached * piety under Lugonu
   964 | D:1      | Reached skill level 1 in Dodging
  1094 | D:2      | Noticed an ogre
  1153 | D:2      | Found a white marble altar of Elyvilon.
  1156 | D:2      | Noticed Robin
  1158 | D:2      | Found an iron altar of Okawaru.
  1425 | D:2      | Killed Robin
  1425 | D:2      | Reached XP level 3. HP: 18/31 MP: 4/4
  1715 | D:2      | Noticed an ogre
  1960 | D:3      | Reached XP level 4. HP: 31/38 MP: 5/5
  1975 | D:3      | Reached ** piety under Lugonu
  2405 | D:3      | Noticed Jessica
  2419 | D:3      | Killed Jessica
  2744 | D:3      | Upgraded the game from 0.23.1-37-gaa34b87b72 to
                  | 0.23.1-38-g628c18f423
  2780 | D:4      | Reached XP level 5. HP: 46/46 MP: 7/7
  3095 | D:4      | Slain by an orc

Skill      XL: |  1  2  3  4  5 |
---------------+----------------+-----
Dodging        | 1 |  1.8
Axes           | 2 |  2.8
Armour         | 2 |  2.2
Invocations    | 3 |  3.0
Fighting       | |  3.8

Action                   |  1- 3 |  4- 6 || total
-------------------------+-------+-------++-------
Melee: Hand axe          |   137 |    75 ||   212
       Kick              |    15 |    21 ||    36
       Long sword        |       |    17 ||    17
Invok: Depart the Abyss  |     1 |       ||     1
  Use: Scroll            |     4 |       ||     4
       Potion            |     2 |     1 ||     3
  Eat: Chunk             |     2 |     3 ||     5
Armor: Leather armour    |    56 |    26 ||    82
Dodge: Dodged            |    65 |    65 ||   130
       Rpst.: Long sword |       |     3 ||     3
